 Dungeon Crawl Stone Soup version 0.24.0-123-gd5b16e6ec5 (webtiles) character file.

Game seed: 3036932701789283314, levelgen mode: deterministic

3 Descartes the Magician (level 1, 0/9 HPs)
             Began as a Felid Wanderer on Feb 12, 2020.
             Slain by a kobold
             ... wielding a +0 dagger
              (2 damage)
             ... on level 1 of the Dungeon.
             The game lasted 00:00:38 (26 turns).

Descartes the Magician (Felid Wanderer)               Turns: 26, Time: 00:00:39

Health: 0/9        AC:  1    Str:  9    XL:     1   Next: 41%
Magic:  5/5        EV: 15    Int: 13    God:
Gold:   0          SH:  0    Dex: 14    Spells: 4/6 levels left
                                        Lives:  0   Deaths: 0

rFire    . . .     SeeInvis +     - Unarmed
rCold    . . .     Gourm    .   (shield unavailable)
rNeg     . . .     Faith    .   (armour unavailable)
rPois    .         Spirit   .   (helmet unavailable)
rElec    .         Reflect  .   (cloak unavailable)
rCorr    .         Harm     .   (gloves unavailable)
MR       .....                  (boots unavailable)
Stlth    +++.......             (no amulet)
HPRegen  0.03/turn              (no ring)
MPRegen  0.09/turn              (no ring)

@: quick
A: very small, no armour, no weapons or thrown items, stealth, claws 1, fangs 3,
see invisible, carnivore, speed 1, shaggy fur 1, slow metabolism 1, sharp paws
a: no special abilities


You were on level 1 of the Dungeon.
You were not hungry.

You visited 1 branch of the dungeon, and saw 1 of its levels.

Inventory:

Potions
 a - a potion of heal wounds
Comestibles
 d - a ration


   Skills:
 - Level 1.0 Fighting
 + Level 0.3 Dodging
 + Level 2.8 Stealth
 * Level 2.1 Unarmed Combat
 - Level 3.0 Spellcasting
   Level 1.7 Conjurations
 + Level 0.2 Transmutations


You had 4 spell levels left.
You knew the following spells:

 Your Spells              Type           Power        Failure   Level  Hunger
a - Beastly Appendage     Tmut           #.....       22%         1    #......
b - Sandblast             Erth           #.....       22%         1    #......

Your spell library contained the following spells:

 Spells                   Type           Power        Failure   Level  Hunger
 Stone Arrow              Conj/Erth      #.....       43%         3    ###....
 Ignite Poison            Fire/Tmut/Pois #.......     56%         3    ###....


Dungeon Overview and Level Annotations

Branches:
Dungeon (1/15)

Altars:


Innate Abilities, Weirdness & Mutations

You cannot wear armour.
You are incapable of wielding weapons or throwing items.
Your paws allow you to move quietly. (Stealth)
You have sharp claws.
You have razor-sharp teeth.
You have supernaturally acute eyesight. (SInv)
You are carnivorous and can eat meat at any time.
You cover ground quickly.
You are covered in fur. (AC +1)
You have a slow metabolism.
Your sharp claws are effective at attacking unaware monsters.


Message History

You scratch the kobold but do no damage.
The bat hits you. The kobold hits you but does no damage.
The bat hits you but does no damage. The bat barely misses you.
The bat hits you.
* * * LOW HITPOINT WARNING * * *
There is an open door here.
The bat closely misses you.
You scratch the bat.
You kill the bat!
You scratch the kobold but do no damage.
A bat comes into view.
The kobold barely misses you.
You scratch the kobold.
You kill the kobold!
You barely miss the kobold. The kobold completely misses you.
You completely miss the kobold. The kobold completely misses you.
You barely miss the kobold. The kobold misses you.
You closely miss the kobold. The kobold hits you with a +0 dagger.
You die...

..... ... #...
..# . #..) ..#
##.#...###..#
......).%...#
#.!.......###..
#.....br......#
#....##K##....#
#....#.@†# ...#
#..###.⌠.### .#
#..#......[# #.
#.⌠.<.⌠.# #.
#.......#
###.⌠.### #...#
##+##


You could see a bat, a kobold and a rat.

Vanquished Creatures
  A goblin (D:1)
  A kobold (D:1)
  A bat (D:1)
3 creatures vanquished.

Notes
Turn   | Place    | Note
-------+----------+-------------------------------------------
     0 | D:1      | Descartes the Felid Wanderer began the quest for the Orb.
     0 | D:1      | Descartes set off with the following items: a potion of
                  | heal wounds, a ration; and the following spells available
                  | to memorise: Beastly Appendage, Sandblast, Stone Arrow,
                  | Ignite Poison
     0 | D:1      | Reached XP level 1. HP: 9/9 MP: 5/5
     2 | D:1      | Learned a level 1 spell: Beastly Appendage
     4 | D:1      | Learned a level 1 spell: Sandblast
    26 | D:1      | Slain by a kobold

Levels and vault maps discovered:
D:1:      dpeg_arrival_simpleton_c, layout_basic, serial_forest,
          infiniplex_forest_lined_room_, infiniplex_forest_lined_4_way,
          infiniplex_forest_straight_2, infiniplex_forest_end_2,
          infiniplex_forest_lined_corner, infiniplex_forest_lined_2,
          infiniplex_forest_corner_2

Action                   || total
-------------------------++-------
Melee: Unarmed           ||    12
Armor: Skin              ||     2
Dodge: Dodged            ||    11
